 Dungeon Crawl Stone Soup version 0.30-a0-913-g9934a0ce24 (webtiles) character file.

Game seed: 961370446980689119

32 Newt the Shooter (level 3, -1/24 HPs)
             Began as a Kobold Hunter on Mar 19, 2023.
             Slain by Crazy Yiuf
             ... wielding a +3 quarterstaff of chaos
              (8 damage)
             ... on level 2 of the Dungeon.
             The game lasted 00:03:05 (879 turns).

Newt the Shooter (Kobold Hunter)                     Turns: 879, Time: 00:03:06

Health: -1/24      AC:  3    Str:  8    XL:     3   Next: 42%
Magic:  3/3        EV: 14    Int: 10    God:
Gold:   83         SH:  0    Dex: 20    Spells: 2/2 levels left

rFire   . . .      SeeInvis .    a - +1 shortbow
rCold   . . .      Faith    .    (shield currently unavailable)
rNeg    . . .      Spirit   .    c - +0 leather armour
rPois   .          Reflect  .    (no helmet)
rElec   .          Rampage  .    (no cloak)
rCorr   .                        (no gloves)
Will    .....                    (no boots)
Stlth   +++                      (no amulet)
HPRegen 0.24/turn                (no ring)
MPRegen 0.08/turn                (no ring)

@: no status effects
A: small, no large weapons, nightstalker 3
a: no special abilities


You were on level 2 of the Dungeon.
You visited 1 branch of the dungeon, and saw 2 of its levels.

You collected 83 gold pieces.

Inventory:

Hand Weapons
 a - a +1 shortbow (weapon)
Armour
 c - a +0 leather armour (worn)
Scrolls
 b - a scroll of immolation
 f - a scroll of fear {unknown}
Potions
 d - a potion of heal wounds {unknown}
 e - a potion of lignification {unknown}
 g - 2 potions of haste {unknown}
 h - a potion of cancellation {unknown}
 i - a potion of curing {unknown}


   Skills:
 + Level 4.0 Fighting
 - Level 5.3 Ranged Weapons
 - Level 2.4 Dodging
 - Level 1.3 Stealth


You had 2 spell levels left.
You didn't know any spells.
Your spell library contained the following spells:

 Spells                   Type           Power      Damage    Failure   Level
 Shock                    Conj/Air       0%         1d3       50%         1
 Swiftness                Air            0%         N/A       86%         3
 Airstrike                Air            0%         2d(0-16)  99%         4


Dungeon Overview and Level Annotations

Branches:
Dungeon (2/15)

Altars:

Annotations:
D:2 Crazy Yiuf


Innate Abilities, Weirdness & Mutations

You are small and have problems with some larger weapons.
You are completely attuned to the shadows.


Message History

No target in view!
There is a stone staircase leading down here.
g - 2 ruby potions (gained 1)
Found a hammer.
Found a hammer.
No target in view!
Found a hammer.
No target in view!
You see here a +0 hammer.
Found three hammers.
Found a runed translucent door.
You see here a +0 hammer.
No target in view!
No target in view!
Found two hammers.
You see here a +0 hammer.
Found two hammers.
You see here a +0 hammer.
Found a glowing hammer and three hammers.
Crazy Yiuf shouts!
You see here a +0 hammer.
You open the door. You shoot an arrow. The arrow hits Crazy Yiuf!
Crazy Yiuf is moderately wounded.
Crazy Yiuf screams, "Scoff ena forty-two!"
You shoot an arrow. The arrow hits Crazy Yiuf.
Crazy Yiuf is severely wounded.
Crazy Yiuf hits you with a +3 quarterstaff of chaos!
Ouch! That really hurt!
Crazy Yiuf freezes you.
* * * LOW HITPOINT WARNING * * *
Crazy Yiuf closely misses you.
Okay, then.
Unknown command.
You shoot an arrow. The arrow hits Crazy Yiuf.
Crazy Yiuf is severely wounded.
Crazy Yiuf misses you.
Unknown command.
You shoot an arrow. The arrow barely misses Crazy Yiuf.
Crazy Yiuf hits you with a +3 quarterstaff of chaos!
You die...

#...#.#######
###...# #..#
#.###.##
####...### ##.#
#.#....##
#....### #.#
..#.#...# ######
#.# ###(##..#
#.# ###.#...#
#.## .##.#####
## ♣♣##..# .##..
)))#♣♣ ♣♣..#..#
.##.#
.))g@♣♣♣♣......#
.##.######
)))#♣))♣).....##
..#......# ##
♣♣♣)♣)..###
#...>#####
♣♣♣♣♣## #.##.#
#.##.# #....###
###....#
....##.#


You could see Crazy Yiuf.

Vanquished Creatures
  An adder (D:2)
  A dart slug (D:1)
  5 endoplasms (D:1)
  A goblin (D:1)
  2 hobgoblins (D:2)
  2 quokkas
  A ball python (D:1)
  2 bats (D:1)
  A frilled lizard (D:1)
  2 kobolds (D:1)
  2 rats
20 creatures vanquished.

Notes
Turn   | Place    | Note
-------+----------+-------------------------------------------
     0 | D:1      | Newt the Kobold Hunter began the quest for the Orb.
     0 | D:1      | Reached XP level 1. HP: 12/12 MP: 1/1
   144 | D:1      | Reached XP level 2. HP: 18/18 MP: 2/2
   706 | D:2      | Reached XP level 3. HP: 24/24 MP: 3/3
   871 | D:2      | Found a runed translucent door.
   874 | D:2      | Noticed Crazy Yiuf
   879 | D:2      | Slain by Crazy Yiuf

Illustrated notes

Levels and vault maps discovered:
D:1:      matt_arrival_los_fun, layout_loops_ring, hangedman_feature_mirror
D:2:      layout_basic, basic_altar, uniq_crazy_yiuf_cottage

Skill      XL: |  1  2  3 |
---------------+----------+-----
Fighting       | 3 4 |  4.0
Ranged Weapons | |  5.3
Dodging        | |  2.4
Stealth        | |  1.3

Action                     || total
---------------------------++-------
   Fire: Shortbow          ||    38
    Use: Scroll            ||     1
 Armour: Leather armour    ||     2
  Dodge: Dodged            ||     7

Table legend: (Time is in decaauts)
 A = Elapsed time spent in this place.
 B = Non-inter-level travel time spent in this place.
 C = Inter-level travel time spent in this place.
 D = Time resting spent in this place.
 E = Time spent auto-exploring this place.
 F = Levels seen in this place.
 G = Mean time per level.
                   A        B        C        D        E       F      G
               +--------+--------+--------+--------+--------+-----+--------+
         Total |    889 |    874 |     15 |      0 |    784 |   2 |  444.5 |
       Dungeon |    889 |    874 |     15 |      0 |    784 |   2 |  444.5 |
               +--------+--------+--------+--------+--------+-----+--------+

Top non-repeatable levels by time:
     D:1: 695 daAuts
     D:2: 194 daAuts
